 Dungeon Crawl Stone Soup version 0.24-a0-203-gf0bc1e9 (webtiles) character file.

Game seed: 2847255431599353852

488 Borgoz the Cutter (level 7, -1/61 HPs)
             Began as a Gargoyle Gladiator on Mar 26, 2019.
             Slain by an orc
             ... wielding a +0 trident
              (2 damage)
             ... on level 4 of the Dungeon.
             The game lasted 00:12:50 (2748 turns).

Borgoz the Cutter (Gargoyle Gladiator)              Turns: 2748, Time: 00:12:51

Health: -1/61      AC: 23    Str: 22    XL:     7   Next: 13%
Magic:  7/7        EV:  2    Int:  9    God:
Gold:   72         SH:  0    Dex: 13    Spells: 6/6 levels left

rFire    . . .     SeeInvis .   a - +1 rapier
rCold    . . .     Gourm    .   (no shield)
rNeg     + + +     Faith    .   (armour currently unavailable)
rPois    ∞         Spirit   .   (helmet currently unavailable)
rElec    .         Reflect  .   (cloak currently unavailable)
rCorr    .         Harm     .   (gloves currently unavailable)
MR       .....     NoTele   +   (boots currently unavailable)
Stlth    ++........             (no amulet)
HPRegen  0.20/turn              (no ring)
MPRegen  0.10/turn              (no ring)

@: mighty, tree-form (expiring), very slightly contaminated, invisible
A: negative energy resistance 1, sense surroundings 1, screaming 1,
petrification resistance, rot immunity, subdued magic 1, AC +4
a: no special abilities


You were on level 4 of the Dungeon.
You were not hungry.
You were a tree.
You visited 1 branch of the dungeon, and saw 4 of its levels.

You collected 72 gold pieces.

Inventory:

Hand Weapons
 a - a +1 rapier (weapon)
Armour
 b - a +0 leather armour (melded)
 c - a +0 helmet (melded)
 o - a +0 cloak (melded)
Scrolls
 e - a scroll of teleportation
 j - 2 scrolls of identify {unknown}
 n - a scroll of fog {unknown}
 p - a scroll of remove curse {unknown}
 q - a scroll of amnesia {unknown}
 s - a scroll of fear {unknown}
Potions
 m - a potion of haste
Comestibles
 f - 6 rations
 r - 2 chunks of flesh


   Skills:
 + Level 3.4 Fighting
 * Level 4.5 Short Blades
 - Level 1.9 Throwing
 + Level 2.5 Armour
 * Level 4.0 Dodging
 + Level 2.6 Stealth


You had 6 spell levels left.
You didn't know any spells.
Your spell library was empty.

Dungeon Overview and Level Annotations

Branches:
Dungeon (4/15)
 Temple: D:4-7

Altars:

Annotations:
D:4 1 runed translucent door, confidenceinterval's ghost, amateur DsGl


Innate Abilities, Weirdness & Mutations

You are resistant to torment.
((Your stone body is resilient. (AC +4)))
You are immune to poison.
You resist negative energy. (rN+)
((You are resistant to electric shocks. (rElec)))
((You can survive without breathing.))
You are immune to petrification.
You are immune to rotting.
((Armour fits poorly on your strangely shaped body.))
You passively map a small area around you.
You occasionally shout uncontrollably at your foes.
Your spells are a little easier to cast, but a little less powerful.


Message History

The orc barely misses you. The orc hits you but does no damage.
The orc hits you but does no damage. x2
The orc hits you from afar with a +0 trident.
* * * LOW HITPOINT WARNING * * *
The orc hits you but does no damage. The orc hits you but does no damage.
The orc hits you from afar with a +0 trident.
* * * LOW HITPOINT WARNING * * *
The orc hits you but does no damage. x2
Your transformation is almost over.
The orc hits you from afar with a +0 trident.
* * * LOW HITPOINT WARNING * * *
The orc hits you but does no damage. The orc hits you but does no damage. x2
The orc hits you from afar with a +0 trident.
* * * LOW HITPOINT WARNING * * *
The orc hits you but does no damage. The orc hits you but does no damage.
The orc hits you from afar with a +0 trident.
You die...

, #.......... ..+....# ,,,
#.......... ##### * #.......... *
#.......... * #..........
#.......... ###### * * ,
#.oo......., ...... * #)# ######
* #.#♣# # .. ........ #.#.# #
..#...[....# #.#.# #
..#........###.#.# ########
..#.........##.#.#########.......
..#.........##.#.........#.####..
..#.......#.##.#.........'.# #..
..#.......#..#.#.........### #.#
...............'.........# #.#


You could see 2 orcs.

Vanquished Creatures
  Eustachio (D:4)
  2 ogres (D:4)
  2 worker ants (D:4)
  4 gnolls (D:2)
  4 adders
  An adder skeleton (D:4)
  3 dart slugs
  2 leopard geckos
  7 bats
  4 giant cockroaches
  4 goblins
  10 hobgoblins
  A quokka (D:2)
  A ball python (D:4)
  2 frilled lizards
  3 kobolds (D:2)
  8 rats
59 creatures vanquished.

Notes
Turn   | Place    | Note
-------+----------+-------------------------------------------
     0 | D:1      | Borgoz the Gargoyle Gladiator began the quest for the Orb.
     0 | D:1      | Reached XP level 1. HP: 12/12 MP: 1/1
    68 | D:1      | Reached XP level 2. HP: 17/17 MP: 2/2
   579 | D:2      | Reached XP level 3. HP: 16/21 MP: 3/3
   922 | D:2      | Reached skill level 1 in Stealth
   922 | D:2      | Reached XP level 4. HP: 17/27 MP: 4/4
   942 | D:2      | Reached skill level 1 in Armour
  1876 | D:3      | Reached XP level 5. HP: 22/31 MP: 5/5
  1950 | D:3      | You fall through a shaft!
  2283 | D:4      | Noticed confidenceinterval's ghost (amateur DsGl)
  2284 | D:4      | Noticed Eustachio
  2312 | D:4      | Killed Eustachio
  2312 | D:4      | Reached XP level 6. HP: 19/37 MP: 6/6
  2556 | D:4      | Found a runed translucent door.
  2704 | D:4      | Upgraded the game from 0.24-a0-201-gf205589 to
                  | 0.24-a0-203-gf0bc1e9
  2727 | D:4      | Reached XP level 7. HP: 8/41 MP: 7/7
  2732 | D:4      | Gained mutation: Your spells are a little easier to cast,
                  | but a little less powerful. [potion of mutation]
  2732 | D:4      | Gained mutation: Armour fits poorly on your strangely
                  | shaped body. [potion of mutation]
  2732 | D:4      | Gained mutation: You occasionally shout uncontrollably at
                  | your foes. [potion of mutation]
  2732 | D:4      | Gained mutation: You passively map a small area around you.
                  | [potion of mutation]
  2747 | D:4      | HP: 1/61 [orc/+0 trident (6)]
  2748 | D:4      | Slain by an orc

Levels and vault maps discovered:
D:1:      minmay_arrival_up_and_down, layout_basic
D:2:      layout_loops_cross
D:3:      layout_basic
D:4:      layout_basic, serial_shops, kennysheep_mini, first_ration,
          hellmonk_ghost_happy_afterlife, uniq_eustachio, uniq_duvessa

Skill      XL: |  1  2  3  4  5  6 |
---------------+-------------------+-----
Short Blades   | 3 4 |  4.5
Dodging        | 3 4 |  4.0
Stealth        | 1 2 |  2.6
Armour         | 1 2 |  2.5
Fighting       | 3 |  3.4
Throwing       | |  1.9

Action                   |  1- 3 |  4- 6 |  7- 9 || total
-------------------------+-------+-------+-------++-------
Melee: Rapier            |   102 |   134 |       ||   236
Throw: Throwing net      |       |     7 |       ||     7
  Use: Scroll            |     2 |       |       ||     2
       Potion            |       |     4 |     3 ||     7
 Stab: Sleeping          |     1 |     1 |       ||     2
       Held in net/web   |       |     5 |       ||     5
  Eat: Chunk             |       |     6 |       ||     6
Armor: Leather armour    |    40 |    44 |       ||    84
       Skin              |       |     7 |    30 ||    37
Dodge: Dodged            |    69 |   125 |     2 ||   196

Table legend:
 A = Non-vault XP
 B = Vault XP
 C = Vault XP percentage of total XP
 D = Non-vault monster count
 E = Vault monster count
 F = Vault count percentage of total count
                 A         B        C        D         E       F
            +---------+---------+-------+---------+---------+-------
      Total |     501 |     197 |  28.2 |      58 |       1 |   1.7
            +---------+---------+-------+---------+---------+-------
        D:1 |      30 |       0 |   0.0 |      17 |       0 |   0.0
        D:2 |     116 |       0 |   0.0 |      25 |       0 |   0.0
        D:3 |      24 |       0 |   0.0 |       7 |       0 |   0.0
        D:4 |     331 |     197 |  37.3 |       9 |       1 |  10.0
            +---------+---------+-------+---------+---------+-------
